 Dungeon Crawl Stone Soup version 0.29-a0-995-g8a7feb118f (webtiles) character file.

Game seed: 8075918365825177791

11 M4edhros the Charlatan (level 2, 0/18 HPs)
             Began as an Octopode Artificer on Aug 4, 2022.
             Was a High Priest of Ignis.
             Succumbed to an adder's poison
             ... on level 2 of the Dungeon.
             The game lasted 00:01:30 (170 turns).

M4edhros the Charlatan (Octopode Artificer)          Turns: 170, Time: 00:01:31

Health: 0/18       AC:  1    Str: 11    XL:     2   Next: 25%
Magic:  2/2        EV: 13    Int: 13    God:    Ignis [*****.]
Gold:   37         SH:  0    Dex: 12    Spells: 1/1 levels left

rFire   + . .      SeeInvis .   e - +0 spear
rCold   . . .      Faith    .   (no shield)
rNeg    . . .      Spirit   .   (helmet restricted)
rPois   .          Reflect  .   (no amulet)
rElec   .          Harm     .   (no ring)
rCorr   .          Rampage  .   (no ring)
Will    .....                   (no ring)
Stlth   +++.......              (no ring)
HPRegen 0.06/turn               (no ring)
MPRegen 0.08/turn               (no ring)
                                (no ring)
                                (no ring)

@: lethally poisoned (0 -> -2)
A: almost no armour, amphibious, 8 rings, camouflage 1, gelatinous body 1,
(nimble swimmer 1), tentacles
a: Renounce Religion, Fiery Armour, Foxfire Swarm, Rising Flame


You were on level 2 of the Dungeon.
You worshipped Ignis.
Ignis was extremely pleased with you.
You visited 1 branch of the dungeon, and saw 2 of its levels.

You collected 37 gold pieces.

Inventory:

Hand Weapons
 a - a +0 club
 e - a +0 spear (weapon)
 f - a +0 sling
 h - a +3 short sword
Wands
 b - a wand of flame (15) (quivered)
 c - a wand of charming (15)
 d - a wand of iceblast (9)
Scrolls
 g - a scroll of amnesia {unknown}
Potions
 i - a potion of heal wounds {unknown}


   Skills:
 - Level 1.0 Fighting
 + Level 2.6 Dodging
 - Level 1.3 Stealth
 - Level 3.8 Evocations


You had one spell level left.
You didn't know any spells.
Your spell library was empty.

Dungeon Overview and Level Annotations

Branches:
Dungeon (2/15)

Altars:
Ignis


Innate Abilities, Weirdness & Mutations

You cannot wear most types of armour.
You are amphibious.
You can wear up to eight rings at the same time.
Your skin changes colour to match your surroundings (Stealth+).
Your rubbery body absorbs attacks. (AC +1, EV +1)
((You are camouflaged when in or above water. (Stealth+)))
You have tentacles for arms and can constrict up to eight enemies at once.


Message History

You kill the endoplasm!
A kobold comes into view. It is wielding a +3 short sword.
The helpless kobold fails to defend itself.
You hit the kobold.
You kill the kobold!
Things that are here:
a +3 short sword; a kobold corpse
h - a +3 short sword A quokka comes into view.
The quokka bites you.
You hit the quokka. You grab the quokka. You squeeze the quokka.
You kill the quokka!
No target in view!
Found a fuming purple potion.
An adder comes into view.
A frilled lizard comes into view.
You barely miss the adder.
The adder hisses angrily.
Your grab misses the adder. Your squeeze misses the adder.
The frilled lizard hisses angrily.
The adder bites you.
You are poisoned.
The adder poisons you! The adder barely misses you.
You hit the adder. Your grab misses the adder.
The adder is lightly wounded.
You feel sick. The adder bites you.
You closely miss the adder. Your grab misses the adder.
Your tentacle-slap misses the adder.
You squeeze the adder.
The adder is moderately wounded.
You feel sick. The adder bites you.
* * * LOW HITPOINT WARNING * * *
Unknown command.
You aren't carrying any potions.
* * * LOW HITPOINT WARNING * * *
You feel sick. The adder barely misses you.
* * * LOW HITPOINT WARNING * * *
You feel sick.
You see here a fuming purple potion.
i - a fuming purple potion You die...

..# ..# ### #.# ..#
#.#######
#.###########.......#
..............#####.#
#.##.##.##.##.#####.#...
#.##.##.##.##.##........
#.......##.##.##@#
####.#####.#....S##.#
#.#####.#........#
.......†#.....####
##########....l# #.....#
###.### #.# #.#


You could see an adder and a frilled lizard.

Vanquished Creatures
  2 bats
  2 endoplasms (D:2)
  A quokka (D:2)
  A ball python (D:1)
  A frilled lizard (D:1)
  2 kobolds
  2 rats
  A spectral goblin (D:1)
12 creatures vanquished.

Notes
Turn   | Place    | Note
-------+----------+-------------------------------------------
     0 | D:1      | M4edhros the Octopode Artificer began the quest for the
                  | Orb.
     0 | D:1      | Reached XP level 1. HP: 13/13 MP: 1/1
    38 | D:1      | Found a faded altar of an unknown god.
    52 | D:1      | Prayed at the altar of an unknown god.
    52 | D:1      | Became a worshipper of Ignis, the Dying Flame
   122 | D:2      | Reached XP level 2. HP: 16/18 MP: 2/2
   170 | D:2      | Succumbed to an adder's poison

Illustrated notes

Levels and vault maps discovered:
D:1:      eino_arrival_druids_welcome, layout_basic,
          dreamdust_ecumenical_altar_drowned_temple
D:2:      layout_loops_cross

Action                   || total
-------------------------++-------
Melee: Spear             ||    26
       Constrict         ||     6
       Tentacles         ||     6
 Stab: Sleeping          ||     1
Armor: Skin              ||     3
Dodge: Dodged            ||    15

Table legend: (Time is in decaauts)
 A = Elapsed time spent in this place.
 B = Non-inter-level travel time spent in this place.
 C = Inter-level travel time spent in this place.
 D = Time resting spent in this place.
 E = Time spent auto-exploring this place.
 F = Levels seen in this place.
 G = Mean time per level.
                   A        B        C        D        E       F      G
               +--------+--------+--------+--------+--------+-----+--------+
         Total |    171 |    171 |      0 |      0 |     12 |   2 |   85.5 |
       Dungeon |    171 |    171 |      0 |      0 |     12 |   2 |   85.5 |
               +--------+--------+--------+--------+--------+-----+--------+

Top non-repeatable levels by time:
     D:1: 112 daAuts
     D:2: 59 daAuts
